 Dungeon Crawl Stone Soup version 0.23.1 (webtiles) character file.

Game seed: 45568094355557720

36 Irenicus the Digger (level 3, 0/28 HPs)
             Began as a Deep Dwarf Earth Elementalist on Mar 19, 2019.
             Slain by Natasha (4 damage)
             ... on level 2 of the Dungeon.
             The game lasted 00:03:12 (476 turns).

Irenicus the Digger (Deep Dwarf Earth Elementalist)  Turns: 476, Time: 00:03:13

Health: 0/28       AC: 10    Str: 11    XL:     3   Next: 19%
Magic:  0/6        EV: 12    Int: 16    God:
Gold:   66         SH:  0    Dex: 13    Spells: 6/7 levels left

rFire    . . .     SeeInvis .   j - +1 mace (protect)
rCold    . . .     Gourm    .   (no shield)
rNeg     . . .     Faith    .   f - +0 leather armour
rPois    .         Spirit   .   (no helmet)
rElec    .         Reflect  .   (no cloak)
rCorr    .         Harm     .   (no gloves)
MR       .....                  (no boots)
Stlth    ++........             (no amulet)
HPRegen  0.00/turn              (no ring)
MPRegen  0.10/turn              (no ring)

@: protection aura, very slightly contaminated, non-regenerating
A: damage resistance, heal wounds, sense surroundings 1, no regeneration
a: Heal Wounds


You were on level 2 of the Dungeon.
You were not hungry.

You visited 1 branch of the dungeon, and saw 2 of its levels.

You collected 66 gold pieces.

Inventory:

Hand Weapons
 h - a +0 whip
   (You found it on level 1 of the Dungeon)
 j - a +1 mace of protection (weapon)
   (You found it on level 1 of the Dungeon)
Missiles
 b - 4 stones (quivered)
Armour
 c - a +0 robe
 f - a +0 leather armour (worn)
   (You found it on level 1 of the Dungeon)
 m - a +0 pair of gloves
   (You found it on level 1 of the Dungeon)
Scrolls
 a - a scroll of teleportation
 e - a scroll of fog {unknown}
 g - 2 scrolls of identify {unknown}
 i - a scroll of enchant armour {unknown}
 k - a scroll of amnesia {unknown}
Potions
 l - a potion of mutation {unknown}
 n - a potion of heal wounds {unknown}
Comestibles
 d - a ration


   Skills:
 - Level 2.1 Dodging
 - Level 2.4 Stealth
 + Level 2.5 Spellcasting
   Level 0.8 Transmutations
 + Level 5.0 Earth Magic


You had 6 spell levels left.
You knew the following spells:

 Your Spells              Type           Power        Failure   Level  Hunger
a - Sandblast             Erth           ###...       3%          1    #......

Your spell library contained the following spells:

 Spells                   Type           Power        Failure   Level  Hunger
 Passwall                 Tmut/Erth      ##......     12%         2    ##.....
 Stone Arrow              Conj/Erth      ##....       28%         3    ###....
 Petrify                  Tmut/Erth      ##......     61%         4    #####..
 Lee's Rapid Deconstruct  Erth           ###.......   67%         5    ######.


Dungeon Overview and Level Annotations

Branches:
Dungeon (2/15)

Altars:

Annotations:
D:2 Natasha


Innate Abilities, Weirdness & Mutations

You are resistant to damage.
You can heal yourself by infusing magical energy.
You passively map a small area around you.
You do not regenerate.


Message History

You now have 3/5 mp.
Aim: a kobold The blast of sand hits the kobold!
You kill the kobold!
b - 11 stones You now have 2/5 mp.
Aim: a dart slug The blast of sand hits the dart slug!
You kill the dart slug!
You have reached level 3!
Your experience leads to an increase in your attributes!
Increase (S)trength, (I)ntelligence, or (D)exterity?
You feel clever.
b - 10 stones You regained 3 hp, and now have 14/28 hp.
You now have 1/6 mp.
You see here a kobold corpse.
n - a lumpy sapphire potion
There is a stone staircase leading down here.
You climb downwards.
There is a stone staircase leading up here.
Your magical contamination has completely faded away.
g - 2 scrolls labeled ENTAYD ARGHEU (gained 1)
You open the door.
A hobgoblin comes into view. It is wielding a +0 club.
There is an open door here.
Aim: a hobgoblin, wielding a +0 club The blast of sand hits the hobgoblin!
You kill the hobgoblin!
b - 9 stones You now have 2/6 mp.
Things that are here:
a +0 club; a hobgoblin corpse Search for what [? for help]?
D:1
As you read the scroll labeled JEIKLEFIRPH, it crumbles to dust.
You feel strangely unstable.
It was a scroll of teleportation.
Your surroundings suddenly seem different.
A leopard gecko comes into view.
The leopard gecko hisses angrily.
A leopard gecko and a rat come into view.
An adder comes into view.
The helpless leopard gecko fails to defend itself.
You hit the leopard gecko.
Your weapon exudes an aura of protection.
The leopard gecko barely misses you. The leopard gecko misses you.
Aim: a leopard gecko (heavily wounded)
The blast of sand hits the leopard gecko!
You kill the leopard gecko!
b - 8 stones The leopard gecko barely misses you.
You now have 2/6 mp.
Aim: a leopard gecko The blast of sand hits the leopard gecko!
You kill the leopard gecko!
Your Earth Magic skill increases to level 5!
b - 7 stones You now have 1/6 mp.
Natasha, Servant of Life and Death comes into view.
You barely miss the rat. The rat bites you but does no damage.
The rat bites you.
Your leather armour prevents you from hitting the rat.
The rat bites you but does no damage. The rat barely misses you.
You closely miss the rat. The rat bites you.
You sock the rat!
Your weapon exudes an aura of protection.
You kill the rat!
You see here a rat corpse.
You open the door.
Natasha hisses angrily.
Natasha casts a spell.
Found 2 rations and 2 gold pieces.
Found a stone staircase leading down.
There is an open door here.
The crimson imp blinks!
Aim: Natasha You miscast Sandblast.
You are very lightly contaminated with residual magic.
You feel a surge of energy from the ground.
You now have 3/6 mp.
Aim: Natasha The blast of sand misses Natasha.
b - 6 stones Natasha claws you.
You take 3 damage, and have 11/28 hp.
You now have 2/6 mp.
Aim: Natasha The blast of sand hits Natasha!
b - 5 stones Natasha claws you.
The crimson imp blinks!
You now have 1/6 mp.
Aim: Natasha (heavily wounded)
The blast of sand misses Natasha.
b - 4 stones The adder hisses angrily.
Natasha claws you!
* * * LOW HITPOINT WARNING * * *
The crimson imp sputters.
You take 7 damage, and have 4/28 hp.
MASSIVE DAMAGE!!
You now have 0/6 mp.
You hit Natasha.
Your weapon exudes an aura of protection.
Natasha claws you.
You die...

#..... ,
*###%$.%....
..........,, * , , *
.......... *,,
......... , , , , ,
......... , *#. , ,
...S....######.., ,
.>......'....#.### *
......h@####.#...# ,
.......§# #.#.#.# #.
,........# #.#...#
#. ,, ........#
#...# #. ,
....[..5#####..# ##.
,
...............###.*
#..
...................#
#.. *
.P.P......†....#####
#.. P.PP..........#
,#..


You could see Natasha, a crimson imp and an adder.

Vanquished Creatures
  4 dart slugs (D:1)
  2 leopard geckos (D:2)
  4 goblins (D:1)
  5 hobgoblins
  2 bats (D:1)
  5 kobolds (D:1)
  2 rats
24 creatures vanquished.

Notes
Turn   | Place    | Note
-------+----------+-------------------------------------------
     0 | D:1      | Irenicus the Deep Dwarf Earth Elementalist began the quest
                  | for the Orb.
     0 | D:1      | Reached XP level 1. HP: 15/15 MP: 3/3
   164 | D:1      | Reached skill level 2 in Spellcasting
   234 | D:1      | Reached XP level 2. HP: 16/22 MP: 0/5
   416 | D:1      | Reached XP level 3. HP: 14/28 MP: 1/6
   450 | D:2      | Reached skill level 5 in Earth Magic
   452 | D:2      | Noticed Natasha
   475 | D:2      | HP: 4/28 [Natasha (7)]
   476 | D:2      | Slain by Natasha

Skill      XL: |  1  2  3 |
---------------+----------+-----
Spellcasting   | 2 |  2.5
Earth Magic    | 5 |  5.0
Dodging        | |  2.1
Stealth        | |  2.4
Transmutations | |  0.8

Action                   || total
-------------------------++-------
Melee: Whip              ||    10
       Mace              ||    10
 Cast: Sandblast         ||    30
  Use: Scroll            ||     1
 Stab: Sleeping          ||     1
Armor: Leather armour    ||     8
Dodge: Dodged            ||    19

Levels and vault maps discovered:
D:1:      sevenhm_arrival_forest_fort_small_3, layout_basic, serial_curves,
          eino_curves_02, eino_curves_04, eino_curves_02, minmay_statues_item,
          dk_noncrumbling_4
D:2:      layout_basic, kiku_gazebo_garden_becter, first_ration,
          nrook_mini_backslash, uniq_natasha, uniq_sigmund

Table legend:
 A = Turns spent in this place as a percentage of turns spent in the entire game.
 B = Non-inter-level travel turns spent in this place as a percentage of non-inter-level travel turns spent in the entire game.
 C = Inter-level travel turns spent in this place as a percentage of turns spent in this place.
 D = Turns resting spent in this place as a percentage of non-inter-level travel turns spent in this place.
 E = Turns spent auto-exploring this place as a percentage of non-inter-level travel turns spent in this place.
 F = Non-inter-level travel turns spent in this place divided by the number of levels of this place that you've seen.
                   A       B       C       D       E      F
               +-------+-------+-------+-------+-------+----------------------
         Total | 100.0 | 100.0 |   0.0 |   0.0 |   0.0 | 238.0
       Dungeon | 100.0 | 100.0 |   0.0 |   0.0 |   0.0 | 238.0
               +-------+-------+-------+-------+-------+----------------------

Table legend:
 A = Kills in this place as a percentage of kills in entire the game.
 B = Kills by you in this place as a percentage of kills by you in the entire game.
 C = Kills by friends in this place as a percentage of kills by friends in the entire game.
 D = Other kills in this place as a percentage of other kills in the entire game.
 E = Experience gained in this place as a percentage of experience gained in the entire game.
 F = Experience gained in this place divided by the number of levels of this place that you have seen.
                   A       B       C       D       E      F
               +-------+-------+-------+-------+-------+----------------------
         Total | 100.0 | 100.0 |   N/A |   N/A | 100.0 |  26.0
       Dungeon | 100.0 | 100.0 |   N/A |   N/A | 100.0 |  26.0
               +-------+-------+-------+-------+-------+----------------------
